 Dungeon Crawl Stone Soup version bcrawl-1.38.3 (webtiles) character file.

Game seed: 11645318835455068794

15166988 zoran the Envoy of Void (level 27, 205/205 HPs)
             Began as a Formicid Abyssal Knight on May 20, 2023.
             Was a High Priest of Lugonu.
             Escaped with the Orb
             ... and 4 runes!
             The game lasted 03:57:53 (74157 turns).

zoran the Envoy of Void (Formicid Abyssal Knight)  Turns: 74157, Time: 03:57:53

Health: 205/205    AC: 33    Str: 32    XL:     27
Magic:  38/38      EV:  9    Int: 12    God:    Lugonu [*****.]
Gold:   4066       SH: 20    Dex: 13    Spells: 38/38 levels left

rFire    + + +     GDR:     40% a - +8 demon trident (freeze)
rCold    + + .     SeeInvis +   f - +0 medium shield "Yfyily" {rF+ Str+2 Dex+2}
rNeg     . . .     Gourm    .   l - +10 crystal plate armour
rPois    +         Faith    .   (helmet unavailable)
rElec    +         Spirit   .   Z - scarf "Caqis" {clouds, +Blink MR+++ rCorr Stlth-}
rCorr    +         Reflect  +   W - +0 pair of gloves "Tokyics" {rF+ rC+}
MR       +++++     Clarity  +   c - +0 pair of boots of the Ecumenical Temple {Str+3}
Stlth    ..........             i - amulet "Egguohu" {Reflect rElec SH+3}
HPRegen  0.44/turn              U - ring of protection from cold
MPRegen  0.26/turn              A - ring "Ziwn" {*Corrode rElec rF+++ MR+ Stlth+}

@: no status effects
A: permanent stasis, dig shafts and tunnels, four strong arms, antennae 3,
hooves 1, blurry vision 1, clarity, deformed body, frail 1, poison resistance,
weak 1, evolution 1, no potion heal 2, subdued magic 2
0: Orb of Zot
}: 4/15 runes: serpentine, slimy, abyssal, gossamer
a: Dig, Shaft Self, Depart the Abyss, Bend Space, Banish, Corrupt, Enter the
Abyss, Renounce Religion, Evoke Fog


You escaped.
You worshipped Lugonu.
Lugonu was extremely pleased with you.
You were not hungry.

You visited 10 branches of the dungeon, and saw 43 of its levels.
You visited the Abyss 3 times.
You visited 1 bazaar.
You also visited: Trove, Bailey and Ice Cave.

You collected 7680 gold pieces.
You spent 3614 gold pieces at shops.

Inventory:

Hand Weapons
 a - a +8 demon trident of freezing (weapon)
 H - the +8 morningstar of Kuchepo {elec, rF+ MP+9}
   (You found it on level 1 of the Realm of Zot)

   Occasionally, upon striking a foe, it will discharge some electrical energy
   and cause terrible harm.
   It protects you from fire.
   It affects your magic capacity (+9).
 K - a +4 blowgun
Missiles
 m - 735 javelins of penetration {=f}
 x - 1239 steel javelins
 y - 9 throwing nets {=f}
 G - 58 needles of frenzy {=f}
 M - 2543 javelins (quivered)
 Q - 62 curare-tipped needles
Armour
 c - the +0 pair of boots of the Ecumenical Temple (worn) {Str+3}
   (You found it in a treasure trove)

   It affects your strength (+3).
 f - the +0 medium shield "Yfyily" (worn) {rF+ Str+2 Dex+2}
   (Lugonu gifted it to you on level 5 of the Depths)

   It affects your strength (+2).
   It affects your dexterity (+2).
   It protects you from fire.
 l - a +10 crystal plate armour (worn)
 W - the +0 pair of gloves "Tokyics" (worn) {rF+ rC+}
   (Lugonu gifted it to you on level 1 of the Pits of Slime)

   It protects you from fire.
   It protects you from cold.
 Z - the scarf "Caqis" (worn) {clouds, +Blink MR+++ rCorr Stlth-}
   (Lugonu gifted it to you on level 6 of the Lair of Beasts)

   It affects your resistance to hostile enchantments.
   It lets you blink.
   It provides partial protection from all sources of acid and corrosion.
   It makes you less stealthy.
Jewellery
 b - the amulet "Canima" {Reflect rElec rN+ MP-9 Int+3 SH+6}
   (You found it in a treasure trove)

   [amulet of reflection]

   It shields you and reflects attacks.
   It affects your intelligence (+3).
   It insulates you from electricity.
   It protects you from negative energy.
   It affects your magic capacity (-9).
   It affects your SH (+6).
 i - the amulet "Egguohu" (around neck) {Reflect rElec SH+3}
   (You found it on level 5 of the Pits of Slime)

   [amulet of reflection]

   It shields you and reflects attacks.
   It insulates you from electricity.
   It affects your SH (+3).
 A - the ring "Ziwn" (right hand) {*Corrode rElec rF+++ MR+ Stlth+}
   (You bought it in a shop in the Orcish Mines)

   [ring of insulation]

   It renders you almost immune to fire.
   It insulates you from electricity.
   It affects your resistance to hostile enchantments.
   It may corrode you when you take damage.
   It makes you more stealthy.
 U - a ring of protection from cold (left hand)
Wands
 d - a wand of acid (1)
 r - a wand of disintegration (27)
 D - a wand of digging (12)
 O - a wand of paralysis (18)
 P - a wand of charming (4)
 V - a wand of polymorph (30)
 X - a wand of clouds (1)
 Y - a wand of iceblast (31)
Scrolls
 n - 38 scrolls of remove curse
 u - 5 scrolls of fog
 v - 6 scrolls of vulnerability
 B - a scroll of magic mapping
 I - a scroll of immolation
 L - 11 scrolls of fear
Potions
 g - 5 potions of lignification
 h - 4 potions of heal wounds
 j - a potion of ambrosia
 k - a potion of agility
 p - 3 potions of cancellation
 q - 7 potions of curing
 C - a potion of invisibility
 J - 5 potions of flight
 S - a potion of magic
 T - 3 potions of resistance
Miscellaneous
 o - a lamp of fire (inert)
 z - a fan of gales (inert)
 F - a phial of floods (inert)
 R - a sack of spiders
Comestibles
 e - 33 rations {!d}


   Skills:
 - Level 21.0 Fighting
 + Level 19.9 Polearms
 + Level 19.0 Throwing
 - Level 20.0 Armour
 - Level 5.0 Dodging
 - Level 5.0 Stealth
 - Level 21.0 Shields
 - Level 6.0 Spellcasting
 - Level 22.0 Invocations
 - Level 18.0 Evocations


You had 38 spell levels left.
You didn't know any spells.
Your spell library contained the following spells:

 Spells                   Type           Power        Failure   Level  Hunger
 Apportation              Tloc           #.....       52%         1    None
 Blink Other              Tloc           #.....       52%         1    None
 Throw Frost              Conj/Ice       #.....       80%         2    None
 Portal Projectile        Tloc           #.....       86%         3    ##.....
 Teleport Other           Tloc           #.......     86%         3    ##.....
 Beastly Appendage        Tmut           #.....       94%         1    None
 Corona                   Hex            #......      94%         1    None
 Flame Tongue             Conj/Fire      #....        94%         1    None
 Infusion                 Chrm           #.......     94%         1    None
 Necrotize                Necr           #.....       94%         1    None
 Sandblast                Erth           #.....       94%         1    None
 Slow                     Hex            #.......     94%         1    None
 Static Discharge         Air            #.....       94%         1    None
 Sting                    Conj/Pois      #...         94%         1    None
 Summon Butterflies       Summ           #.......     94%         1    None
 Ensorcelled Hibernation  Hex/Ice        #.....       98%         2    None
 Passwall                 Tmut/Erth      #.......     98%         2    None
 Poisonous Vapours        Pois/Air       #.....       98%         2    None
 Shackle                  Hex            #.......     98%         2    None
 Sticks to Snakes         Tmut           #.......     98%         2    None
 Sublimation of Blood     Necr           #.........   98%         2    None
 Swiftness                Chrm/Air       #.......     98%         2    None
 Call Canine Familiar     Summ           #.......     100%        3    ##.....
 Confuse                  Hex            #.......     100%        3    ##.....
 Dazzling Orbs            Conj/Hex       #......      100%        3    ##.....
 False Image              Hex/Summ       #.......     100%        3    ##.....
 Ignite Poison            Fire/Tmut/Pois #.......     100%        3    ##.....
 Inner Flame              Hex/Fire       N/A          100%        3    ##.....
 Mephitic Cloud           Conj/Pois/Air  #.......     100%        3    ##.....
 Spider Form              Tmut/Pois      #..          100%        3    ##.....
 Tukima's Dance           Hex            #.......     100%        3    ##.....
 Vampiric Draining        Necr           #.........   100%        3    ##.....
 Agony                    Necr           #.......     100%        4    ####...
 Airstrike                Air            #.........   100%        4    ####...
 Animate Dead             Necr           N/A          100%        4    ####...
 Cause Fear               Hex            #.........   100%        4    ####...
 Ice Form                 Ice/Tmut       #.......     100%        4    ####...
 Lightning Bolt           Conj/Air       #.......     100%        4    ####...
 Olgreb's Toxic Radiance  Pois           #........    100%        4    ####...
 Petrify                  Tmut/Erth      #.........   100%        4    ####...
 Sticky Flame             Conj/Fire      #.......     100%        4    ####...
 Summon Ice Beast         Ice/Summ       #.......     100%        4    ####...
 Summon Scorpions         Summ/Pois      #.......     100%        4    ####...
 Throw Icicle             Conj/Ice       #.......     100%        4    ####...
 Yara's Violent Unravell  Hex/Tmut       #.........   100%        4    ####...
 Blade Hands              Tmut           #.........   100%        5    #####..
 Bolt of Magma            Conj/Fire/Erth #.........   100%        5    #####..
 Dispel Undead            Necr           #.......     100%        5    #####..
 Fireball                 Conj/Fire      #.........   100%        5    #####..
 Metabolic Englaciation   Hex/Ice        #.........   100%        5    #####..
 Silence                  Hex/Air        #.........   100%        5    #####..
 Steam Barrier            Chrm/Fire      #.........   100%        5    #####..
 Summon Forest            Summ/Tloc      #.........   100%        5    #####..
 Summon Mana Viper        Hex/Summ       #.......     100%        5    #####..
 Venom Bolt               Conj/Pois      #.........   100%        5    #####..
 Bolt of Fire             Conj/Fire      #.........   100%        6    #######
 Borgnjor's Vile Clutch   Necr/Erth      #.........   100%        6    #######
 Darkness                 Hex            #.........   100%        6    #######
 Infestation              Hex/Tmut/Pois  #........    100%        6    #######
 Iron Shot                Conj/Erth      #.........   100%        6    #######
 Ozocubu's Refrigeration  Ice            #.........   100%        6    #######
 Statue Form              Tmut/Erth      #........    100%        6    #######
 Summon Hydra             Summ           #.........   100%        6    #######
 Virulence                Hex/Pois       #.......     100%        6    #######
 Discord                  Hex            #.........   100%        7    #######
 Icicle Burst             Conj/Ice       #.........   100%        7    #######
 Mana Rupture             Conj/Hex       #.........   100%        7    #######
 Monstrous Menagerie      Summ           #.........   100%        7    #######
 Shadow Creatures         Summ           N/A          100%        7    #######
 Ignition                 Fire           #.........   100%        8    #######
 Time Stop                Chrm/Tloc      N/A          100%        8    #######
 Tornado                  Tloc/Air       #.........   100%        8    #######
 Shatter                  Erth           #.........   100%        9    #######
 Blink                    Tloc           Unusable     N/A         2    N/A
 Passage of Golubria      Tloc           Unusable     N/A         5    N/A

Dungeon Overview and Level Annotations

Branches:
Dungeon (12/12)            Temple (0/1) D:7            Lair (6/6) D:7
  Snake (3/3) Lair:3       Spider (3/3) Lair:4        Slime (5/5) Lair:6
    Orc (1/1) D:8             Elf (0/3) Orc          Vaults (2/3) D:11
  Crypt (1/2) Vaults:2     Depths (5/5) D:12            Zot (5/5) Depths:5

Altars:
Ashenzari
Dithmenos
Gozag
Kikubaaqudgha
Lugonu
Nemelex Xobeh
Okawaru
Ru
Sif Muna
Trog
Vehumet
Wu Jian
Xom
Yredelemnul
Jiyva

Shops:
D:4 (   D:5 }   D:9 [%(}   Orc [:(*!   Snake:1 (*}}=[(*   Vaults:1 *

Portals:
Hell: Depths:1 Depths:2 Depths:3 Depths:4 Depths:5
Abyss: Depths:4
Pandemonium: Depths:1 Depths:2 Depths:3
Ziggurat: Depths:3

Annotations:
D:9 1 runed door
Snake:3 corrupted Orc 2 runed doors, exclusion: orange crystal statue
Vaults:1 3 runed translucent doors, corrupted, exclusion: obsidian statue, kuniqs's ghost, adept HOAc
Depths:1 3 runed translucent doors, yrara's ghost, veteran GrFi
Depths:5 1 runed translucent door, Barug's ghost, adept TrMo
Zot:1 3 runed translucent doors, zoran's ghost, veteran EnAc
Zot:5 corrupted
Abyss:1 Nergalle


Innate Abilities, Weirdness & Mutations

You cannot be hasted, slowed, berserked, paralysed or teleported.
You can dig through walls and to a lower floor.
Your four strong arms can wield two-handed weapons with a shield.
You have a pair of large antennae on your head. (SInv)
You have large cloven feet.
Scrolls take you a little longer to read.
You possess an exceptional clarity of mind.
Armour fits poorly on your strangely shaped body.
You are frail. (-10% HP)
Your system is resistant to poisons. (rPois)
You are weak. (Str -2)
You evolve.
Potions are poor at restoring your health.
Your spells are easier to cast, but less powerful.


Message History

A rune on the stairs sparks and fizzles.
You climb upwards.
There is a stone staircase leading down here.
There is an open door here.
There is an open door here.
There is a stone staircase leading up here.
You climb upwards.
There is a stone staircase leading down here.
You extend your mandibles.
You dig through the rock wall.
You retract your mandibles.
You extend your mandibles.
You dig through the rock wall.
You retract your mandibles.
You extend your mandibles.
You dig through the rock wall.
You retract your mandibles.
There is a staircase leading out of the dungeon here.
The power of the Orb breaks the dimensional shunt like a soap bubble!
You have escaped!

###.##.....# ## #......###.# #.
#.##.### #.#######. #.##.#
#......... #.##.# ##########
#################### ######
#.....##......##...# #.....
#.###.##.#######.#.#####.#### #.#
#....# #@#...#...#...#... #.#
####.###.#.#####.#.#.#.## #.#
#...#...# #.....#...#.
#####.########.#.#####.#########.
.......##....#.....#.....#.# #.
#####.....##.##.##.#.###.#.# ##
#####..#####.#...#...# #...#
.....#.#####.#.#.###.###.#.###
####.#....##...#...#.....#...# ##


There were no monsters in sight!

Vanquished Creatures
  the Royal Jelly (Slime:5)
  A juggernaut (Depths:5)
  4 ancient liches
  6 orbs of fire (Zot:5)
  Mara (Depths:3)
  7 golden dragons
  5 Killer Klowns
  Margery (Depths:3)
  2 caustic shrikes (Depths:3)
  3 curse toes
  4 rockslimes
  Nikola (Spider:3)
  2 bone dragons
  4 electric golems
  4 Orb Demons
  3 liches
  13 tentacled monstrosities
  23 Orb Guardians
  2 titans
  20 acid blobs
  2 sphinxes
  5 tentacled starspawn
  An Executioner (D:9)
  2 thorn hunters (Depths:4)
  A tengu reaver (Depths:5)
  A shadow dragon (Zot:4)
  Roxanne (Spider:1)
  7 death cobs
  9 storm dragons
  Agnes (Snake:2)
  6 nagarajas
  5 fire giants
  2 revenants (Vaults:2)
  2 draconian monks
  5 draconian knights
  6 frost giants
  Louise (Spider:3)
  15 azure jellies
  A cacodemon (Depths:1)
  3 orc warlords
  4 vault wardens
  7 ghost moths
  An iron dragon (Depths:3)
  A draconian shifter (Zot:3)
  5 emperor scorpions
  2 draconian stormcallers
  A draconian annihilator (Zot:5)
  13 stone giants
  A reaper (D:9)
  4 draconian scorchers
  An ironheart preserver (Vaults:2)
  3 spriggan defenders
  An eye of devastation (shapeshifter) (Vaults:2)
  A corrupter (D:11)
  19 very ugly things
  2 vampire knights
  9 black draconians
  2 deep elf demonologists
  9 green draconians
  An entropy weaver (Spider:1)
  6 white draconians
  3 dire elephants (Vaults:1)
  7 purple draconians
  A spark wasp (Depths:5)
  5 red draconians
  7 yellow draconians
  A blizzard demon (Depths:2)
  A minotaur (Depths:1)
  3 ettins
  Snorg (Lair:3)
  Josephine (Orc)
  12 yaktaur captains
  11 fire dragons
  8 hydras
  9 vault guards
  Harold (Lair:2)
  7 rakshasas
  6 ice dragons
  A hell beast (D:12)
  5 naga warriors (Snake:2)
  A monstrous demonspawn (Depths:1)
  12 anacondas
  9 ogre magi
  3 spriggan air magi
  2 death knights
  An alligator snapping turtle (Depths:3)
  14 great orbs of eyes
  A catoblepas (Lair:4)
  A hydra (shapeshifter) (Snake:3)
  3 death oozes
  A catoblepas (shapeshifter) (Depths:1)
  2 shadow wraiths
  25 two-headed ogres
  8 deep troll shamans
  3 tengu warriors
  An ironheart beastmaster (Vaults:1)
  6 orc high priests
  5 shock serpents
  A vampire mage (Depths:2)
  8 spriggan berserkers
  9 deep troll earth magi
  2 soul eaters
  3 thrashing horrors (Abyss:3)
  The ghost of foxfromabyss the Sharpshooter, a novice KoHu (D:6)
  3 sun demons
  6 iron trolls
  2 naga sharpshooters (Snake:1)
  23 deep trolls
  A salamander mystic (Snake:2)
  2 sixfirhies (Abyss:3)
  2 deep elf knights
  14 centaur warriors
  A fire crab (shapeshifter) (Depths:2)
  5 skeletal warriors (D:12)
  17 hell knights
  2 wretched stars
  A shadow demon (D:12)
  6 naga ritualists
  5 starcursed masses (Abyss:3)
  An infernal demonspawn (D:11)
  2 orange crystal statues (Abyss:3)
  15 wizards
  5 ironheart convokers
  12 glowing orange brains
  An obsidian statue (Depths:1)
  5 harpies (D:12)
  4 cyclopes
  4 orc knights (Depths:5)
  An iron giant skeleton (Crypt:1)
  A phantasmal warrior (Vaults:2)
  2 wolf spider zombies (D:10)
  5 necromancers
  6 mana vipers
  5 orc sorcerers
  9 shining eyes
  9 orb spiders
  A mana viper (shapeshifter) (Depths:4)
  17 wolf spiders
  39 ugly things
  An apocalypse crab (Abyss:3)
  3 worldbinders
  A frost giant zombie (Depths:1)
  4 deep elf magi
  A salamander (shapeshifter) (Depths:5)
  9 salamanders
  18 moths of wrath
  A stone giant skeleton (Depths:1)
  24 black mambas
  18 elephants
  8 naga magi
  A fire giant skeleton (Depths:1)
  3 vault sentinels
  3 will-o'-wisps (Abyss:2)
  A guardian serpent (Snake:3)
  17 cane toads
  3 ice statues
  A storm dragon simulacrum (Vaults:1)
  2 molten gargoyles (Depths:4)
  20 jumping spiders
  A yaktaur (shapeshifter) (D:10)
  9 demonic crawlers
  5 rime drakes
  An efreet (D:4)
  6 komodo dragons
  21 yaktaurs
  An anaconda simulacrum (Abyss:3)
  An eye of draining (D:11)
  7 ice devils
  An ancient zyme (Abyss:3)
  3 freezing wraiths
  A hellwing (Abyss:3)
  9 polar bears (Lair:6)
  An eye of draining (shapeshifter) (D:12)
  3 tengu conjurers
  A hydra zombie (Abyss:2)
  A harpy zombie (D:12)
  5 trolls
  3 wind drakes (Depths:4)
  Prince Ribbit (D:7)
  4 humans (D:11)
  24 blink frogs
  11 hippogriffs
  9 hornets
  A polar bear (shapeshifter) (Depths:4)
  A raiju (shapeshifter) (Depths:2)
  128 slime creatures
  A dream sheep (shapeshifter) (Snake:3)
  13 dream sheep (Lair:6)
  3 raiju (Abyss:3)
  A meliai zombie (D:9)
  5 water elementals
  Sigmund (D:6)
  3 spriggans
  16 tarantellas
  30 yaks
  3 air elementals (Depths:4)
  3 large abominations
  3 shadows
  10 wraiths
  A ynoxinul (Depths:1)
  2 wyverns
  2 hungry ghosts
  A basilisk (Lair:6)
  A tarantella (shapeshifter) (Depths:1)
  9 golden eyes
  4 small abominations
  A steam dragon (shapeshifter) (Snake:3)
  8 neqoxecs
  3 chaos spawn
  A steam dragon (D:6)
  3 fire elementals (Depths:4)
  33 redbacks
  Menkaure (D:5)
  2 nagas (shapeshifter)
  18 nagas
  4 wargs (Lair:6)
  2 acid dragons (D:11)
  15 crocodiles
  4 water moccasins
  12 porcupines
  15 hell hounds (Lair:6)
  A floating eye (Depths:3)
  11 black bears (Lair:6)
  22 orc warriors
  A hornet zombie (D:8)
  A black bear (shapeshifter) (D:10)
  A cane toad skeleton (D:10)
  9 ice beasts
  An ice beast (shapeshifter) (Depths:1)
  A phantom (D:12)
  4 boggarts (Vaults:1)
  25 ogres
  22 wolves
  A rime drake skeleton (D:10)
  9 bullfrogs
  2 kobold brigands
  5 earth elementals (Depths:4)
  4 centaurs
  2 scorpions (D:12)
  A scorpion (shapeshifter) (Depths:5)
  A human simulacrum (Vaults:1)
  5 wights (D:6)
  3 vampire bats (D:4)
  8 electric eels
  21 orc priests
  10 crimson imps
  2 howler monkeys
  A bullfrog zombie (D:5)
  2 quasits
  2 iron imps
  A yaktaur simulacrum (Vaults:1)
  6 hounds
  7 jellies
  25 orc wizards
  3 bullfrog skeletons
  13 iguanas
  Ijyb (D:5)
  7 worker ants
  A hound skeleton (D:6)
  10 gnolls
  A howler monkey skeleton (D:7)
  16 adders
  5 shadow imps (Depths:1)
  4 white imps
  An ufetubus (Abyss:2)
  6 oozes
  5 adder skeletons
  11 worms
  3 dart slugs
  4 leopard geckos
  65 orcs
  8 bats
  2 bat skeletons (D:4)
  3 bat zombies (D:4)
  4 giant cockroaches
  14 goblins
  10 hobgoblins
  3 jackals (D:6)
  26 kobolds
  7 quokkas
  2 ball pythons (D:3)
  2 frilled lizards
  7 rats
  3 fire vortices (Depths:4)
  A lurking horror (Abyss:2)
  8 starspawn tentacles
1827 creatures vanquished.

Vanquished Creatures (collateral kills)
  A Killer Klown (Zot:5)
  An electric golem (Zot:3)
  An Orb Guardian (Zot:5)
  A quicksilver dragon (Zot:5)
  A frost giant (Depths:2)
  An ironheart preserver (Vaults:2)
  3 yellow draconians
  A purple draconian (Zot:3)
  A deep elf death mage (Vaults:2)
  An ogre mage (Vaults:2)
  4 two-headed ogres
  A naga sharpshooter (Snake:3)
  A deep elf knight (Vaults:2)
  A goliath frog (Lair:6)
  3 hell knights
  2 naga ritualists (Snake:3)
  2 orb spiders (Spider:1)
  An orc knight (D:11)
  2 necromancers (Depths:3)
  3 ugly things (Vaults:2)
  2 vault sentinels
  An ice statue (IceCv)
  A jumping spider (Spider:1)
  4 humans (D:11)
  2 hell hounds (Lair:6)
  3 ogres
  2 wolves (Lair:6)
47 creatures vanquished.

Vanquished Creatures (others)
  2 ancient liches (Zot:5)
  4 orbs of fire (Zot:5)
  A tentacled monstrosity (Zot:5)
  A lich (Vaults:1)
  2 Orb Guardians (Zot:5)
  4 acid blobs (Slime:5)
  A nagaraja (Snake:3)
  A draconian monk (Zot:3)
  A draconian knight (Zot:4)
  A frost giant (Vaults:1)
  4 fire giants
  An orc warlord (Vaults:1)
  2 vault wardens (Vaults:1)
  7 azure jellies (Slime:5)
  An ironheart preserver (Vaults:2)
  2 stone giants (Vaults:1)
  2 very ugly things
  A crystal guardian (Vaults:1)
  A naga warrior (Snake:3)
  A hydra (Lair:3)
  A vault guard (Vaults:2)
  An ice dragon (Vaults:1)
  An ogre mage (Vaults:1)
  2 anacondas
  An anaconda (shapeshifter) (Snake:3)
  A great orb of eyes (Vaults:1)
  4 death oozes (Slime:5)
  7 two-headed ogres
  2 naga sharpshooters (Snake:3)
  A sea snake (Snake:1)
  A shock serpent (Snake:3)
  2 centaur warriors (Vaults:1)
  An iron troll (Depths:4)
  2 naga ritualists (Snake:3)
  A wizard (Vaults:1)
  A necromancer (D:12)
  2 mana vipers (Snake:3)
  A wolf spider (Spider:3)
  3 ironheart convokers (Vaults:1)
  A deep elf mage (Vaults:2)
  4 salamanders (Snake:3)
  5 black mambas (Snake:3)
  3 naga magi
  5 vault sentinels (Vaults:1)
  3 guardian serpents
  3 cane toads
  A gargoyle (D:12)
  A molten gargoyle (Depths:4)
  A komodo dragon (Lair:2)
  2 yaktaurs (Vaults:1)
  A vampire (D:12)
  2 humans (D:11)
  A hungry ghost (D:5)
  A spatial vortex (Vaults:1)
  2 nagas (Snake:3)
  A boggart (Vaults:1)
  A human simulacrum (Vaults:1)
  An orc (D:6)
  2 giant cockroaches (Vaults:1)
  3 bushes
  13 fungi
  33 plants
  39 starspawn tentacles
204 creatures vanquished.

Grand Total: 2078 creatures vanquished

Notes
Turn   | Place    | Note
-------+----------+-------------------------------------------
     0 | Abyss:1  | zoran the Formicid Abyssal Knight began the quest for the
                  | Orb.
     0 | Abyss:1  | Reached XP level 1. HP: 18/18 MP: 2/2
   105 | Abyss:1  | Noticed a wraith
   106 | D:1      | Escaped the Abyss
   267 | D:1      | Reached * piety under Lugonu
   389 | D:1      | Reached XP level 2. HP: 24/24 MP: 3/3
   393 | D:1      | Reached skill level 1 in Dodging
   518 | D:1      | Reached XP level 3. HP: 23/29 MP: 5/5
   704 | D:1      | Reached skill level 3 in Invocations
   986 | D:2      | Found a corrupted altar of Lugonu.
  1438 | D:2      | Reached XP level 4. HP: 36/36 MP: 6/6
  2632 | D:3      | Reached skill level 1 in Stealth
  2632 | D:3      | Reached XP level 5. HP: 27/42 MP: 7/7
  2694 | D:3      | Reached XP level 6. HP: 38/49 MP: 8/8
  2703 | D:3      | Reached ** piety under Lugonu
  2825 | D:3      | Reached skill level 4 in Invocations
  3390 | D:3      | You fall into a shaft and drop 3 floors!
  3443 | D:5      | Entered Level 5 of the Dungeon
  3452 | D:5      | Reached skill level 5 in Fighting
  3584 | D:5      | Found Bobitzi's Gadget Boutique.
  3589 | D:5      | Reached skill level 5 in Invocations
  3605 | D:5      | Bought a wand of random effects (9) for 80 gold pieces
  3605 | D:5      | Bought a wand of iceblast (4) for 97 gold pieces
  3647 | D:5      | Reached XP level 7. HP: 56/56 MP: 10/10
  3650 | D:5      | Found an iron altar of Okawaru.
  3676 | D:5      | Noticed Ijyb
  3682 | D:5      | Killed Ijyb
  3683 | D:5      | Noticed a hungry ghost
  3688 | D:5      | Banished a hungry ghost
  3798 | D:5      | Found a shimmering blue altar of Sif Muna.
  4175 | D:5      | Noticed Menkaure
  4194 | D:4      | Reached XP level 8. HP: 49/62 MP: 11/11
  4213 | D:4      | Reached skill level 5 in Armour
  4462 | D:4      | Reached skill level 5 in Polearms
  4967 | D:4      | Found an ancient bone altar of Kikubaaqudgha.
  5094 | D:4      | Found Hyobutourph's Weapon Shoppe.
  5127 | D:4      | Found a radiant altar of Vehumet.
  5226 | D:4      | Reached *** piety under Lugonu
  5334 | D:4      | Reached skill level 5 in Throwing
  5453 | D:5      | Reached skill level 1 in Evocations
  5645 | D:5      | Killed Menkaure
  5823 | D:5      | Found an ornate altar of the Wu Jian Council.
  5880 | D:5      | Found a shattered altar of Ashenzari.
  6067 | D:5      | Reached XP level 9. HP: 58/68 MP: 12/12
  6072 | D:5      | Reached skill level 5 in Evocations
  6228 | D:6      | Noticed Sigmund
  6234 | D:6      | Killed Sigmund
  6521 | D:6      | Noticed foxfromabyss's ghost (novice KoHu)
  6521 | D:6      | Noticed a white ugly thing
  6540 | D:6      | Found a runed translucent gate.
  6540 | D:6      | Found a runed translucent gate.
  6542 | D:6      | Found a runed translucent gate.
  6621 | D:6      | Got a pitted brass ring
  6623 | D:6      | Found a shadowy altar of Dithmenos.
  6912 | D:7      | Found a sparkling altar of Nemelex Xobeh.
  6912 | D:7      | Found an opulent altar of Gozag.
  7023 | D:6      | Reached XP level 10. HP: 46/80 MP: 13/13
  7221 | D:7      | Found a staircase to the Lair.
  7382 | D:7      | Found a flagged portal.
  7384 | D:7      | Reached **** piety under Lugonu
  7398 | Bailey   | Entered a bailey
  7412 | Bailey   | Identified the +1 leather armour "Odeinev" {*Contam rN+
                  | Regen+ rCorr}
  7421 | Bailey   | Got the ring "Vorofras" {+Fly}
  7672 | Bailey   | Reached skill level 1 in Shields
  7891 | D:7      | Noticed Prince Ribbit
  7913 | D:7      | Killed Prince Ribbit
  7971 | D:7      | Received a gift from Lugonu
  8258 | D:7      | Found a staircase to the Ecumenical Temple.
  8595 | D:7      | Identified the ring "Xuur" {Ice Str+6 Dex-5} (You found it
                  | on level 6 of the Dungeon)
  8632 | Lair:1   | Entered Level 1 of the Lair of Beasts
  8656 | Lair:1   | Reached XP level 11. HP: 78/86 MP: 15/15
  8793 | Lair:1   | Reached skill level 5 in Shields
  8796 | Lair:1   | Received a gift from Lugonu
  8920 | Lair:1   | Reached skill level 6 in Invocations
  9807 | Lair:2   | Noticed Harold
  9857 | Lair:2   | Reached skill level 7 in Invocations
  9982 | Lair:2   | Killed Harold
 10015 | Lair:2   | Reached skill level 8 in Invocations
 10109 | Lair:2   | Noticed an elephant
 10110 | Lair:2   | Noticed an elephant
 10110 | Lair:2   | Noticed an elephant
 10110 | Lair:2   | Noticed an elephant
 10113 | Lair:2   | Noticed an elephant
 10130 | Lair:2   | Noticed an elephant
 10134 | Lair:2   | Killed an elephant
 10145 | Lair:2   | Killed an elephant
 10146 | Lair:2   | Reached skill level 9 in Invocations
 10493 | Lair:2   | Reached skill level 10 in Invocations
 10583 | Lair:2   | Reached XP level 12. HP: 77/92 MP: 19/19
 10613 | Lair:2   | Received a gift from Lugonu
 11097 | Lair:2   | Noticed a five-headed hydra
 11108 | Lair:2   | Killed a five-headed hydra
 11859 | Lair:3   | Found a staircase to the Snake Pit.
 12065 | Lair:3   | Noticed a five-headed hydra
 12081 | Lair:3   | Banished a five-headed hydra
 13124 | Lair:4   | Noticed Snorg
 13147 | Lair:3   | Killed Snorg
 13148 | Lair:3   | Reached XP level 13. HP: 97/102 MP: 17/20
 13260 | Lair:4   | Noticed a five-headed hydra
 13271 | Lair:4   | Killed a five-headed hydra
 13285 | Lair:4   | Noticed a catoblepas
 13299 | Lair:4   | Killed a catoblepas
 13300 | Lair:4   | Reached skill level 10 in Fighting
 13396 | Lair:4   | Reached skill level 10 in Polearms
 13741 | Lair:4   | Noticed a four-headed hydra
 13761 | Lair:4   | Killed a four-headed hydra
 13866 | Lair:4   | Found a hole to the Spider Nest.
 15008 | Lair:5   | Reached skill level 5 in Dodging
 15705 | Lair:6   | Entered Level 6 of the Lair of Beasts
 15750 | Lair:5   | Reached skill level 5 in Stealth
 15929 | Lair:6   | Reached XP level 14. HP: 39/110 MP: 8/21
 16235 | Lair:6   | Got a shimmering whip
 16606 | Lair:6   | Found a viscous altar of Jiyva.
 16614 | Lair:6   | Reached skill level 10 in Armour
 16614 | Lair:6   | Reached skill level 10 in Evocations
 16624 | Lair:6   | Found a staircase to the Slime Pits.
 16654 | Lair:6   | Reached skill level 10 in Throwing
 17542 | Lair:6   | Received a gift from Lugonu
 17555 | Lair:6   | Got a heavily runed scarf {god gift}
 17566 | Lair:6   | Identified the scarf "Caqis" {clouds, +Blink MR+++ rCorr
                  | Stlth-} (Lugonu gifted it to you on level 6 of the Lair of
                  | Beasts)
 18586 | Lair:6   | Identified the +4 whip of Light {elec, rF+ rC+ rN+ Dex+4}
                  | (You found it on level 6 of the Lair of Beasts)
 19423 | D:8      | Found a basalt altar of Yredelemnul.
 19467 | D:8      | Found a portal to a secret trove of treasure.
 19514 | D:8      | Found a staircase to the Orcish Mines.
 19732 | Orc      | Entered the Orcish Mines
 19964 | Orc      | Found a runed door.
 19984 | Orc      | Found the +10 large shield of Ignorance {rN+ Int-4}
 20008 | Orc      | Found a runed door.
 20101 | Orc      | Reached XP level 15. HP: 100/119 MP: 17/22
 20134 | Orc      | Found a staircase to the Elven Halls.
 20366 | Orc      | Found Lissicza's Antique Armour Shoppe.
 20368 | Orc      | Noticed Josephine
 20411 | Orc      | Killed Josephine
 21747 | Orc      | Found Binauwia's Antique Weapon Emporium.
 21747 | Orc      | Found Reonamm's Book Emporium.
 21748 | Orc      | Found Xasaiwn's Assorted Antiques.
 21752 | Orc      | Found Tofrirha's Distillery.
 21757 | Orc      | Bought a potion of degeneration for 11 gold pieces
 21757 | Orc      | Bought a potion of berserk rage for 33 gold pieces
 21763 | Orc      | Bought a scroll labeled CUOMOS OLUSASO for 27 gold pieces
 21763 | Orc      | Bought a shimmering silver ring for 135 gold pieces
 21763 | Orc      | Bought a scroll labeled TEMUH HEZUNG for 27 gold pieces
 21763 | Orc      | Bought a clear potion for 24 gold pieces
 21763 | Orc      | Bought a wand of iceblast (10) for 202 gold pieces
 21764 | Orc      | Bought 3 potions of heal wounds for 165 gold pieces
 21764 | Orc      | Bought 2 potions of heal wounds for 110 gold pieces
 21764 | Orc      | Bought 2 potions of heal wounds for 110 gold pieces
 21764 | Orc      | Bought a potion of curing for 27 gold pieces
 21764 | Orc      | Bought a potion of curing for 27 gold pieces
 21764 | Orc      | Bought a potion of agility for 44 gold pieces
 21993 | D:9      | Found Arofrech's Gadget Emporium.
 22049 | D:9      | Bought a fan of gales (2/2) for 420 gold pieces
 22049 | D:9      | Bought a wand of charming (6) for 98 gold pieces
 22049 | D:9      | Bought a wand of scattershot (5) for 252 gold pieces
 22051 | D:9      | Found a runed door.
 22336 | D:9      | Found Fyxzauma's Weapon Emporium.
 22372 | D:9      | Found Daorroxe's Food Boutique.
 22504 | D:9      | Found Lecet's Armour Boutique.
 22819 | D:10     | Entered Level 10 of the Dungeon
 22843 | D:10     | Found a sacrificial altar of Ru.
 23215 | D:10     | Identified the ring "Ziwn" {*Corrode rElec rF+++ MR+
                  | Stlth+} (You bought it in a shop in the Orcish Mines)
 23272 | D:10     | Found a bloodstained altar of Trog.
 23570 | D:10     | Noticed Nergalle
 23575 | D:10     | Banished Nergalle
 23848 | D:10     | Received a gift from Lugonu
 24971 | D:11     | Received a gift from Lugonu
 25284 | D:11     | Found a gate to the Vaults.
 25624 | D:11     | Reached skill level 11 in Invocations
 25876 | D:12     | Entered Level 12 of the Dungeon
 25907 | D:12     | Reached XP level 16. HP: 40/127 MP: 24/24
 26048 | D:12     | Found a frozen archway.
 26072 | IceCv    | Entered an ice cave
 26135 | IceCv    | Found a transporter.
 26191 | IceCv    | Found a transporter.
 26445 | D:12     | Reached skill level 10 in Shields
 26651 | D:12     | Found a staircase to the Depths.
 27085 | D:12     | Reached skill level 12 in Invocations
 28054 | Snake:1  | Entered Level 1 of the Snake Pit
 28108 | Snake:1  | Found Reweomin's Weapon Emporium.
 28251 | Snake:1  | Found Peigix's General Store.
 28265 | Snake:1  | Bought a scroll of identify for 30 gold pieces
 28349 | Snake:1  | Noticed a nagaraja
 28360 | Snake:1  | Killed a nagaraja
 28784 | Snake:1  | Found Ziro's Weapon Shoppe.
 28791 | Snake:1  | Noticed a nagaraja
 28820 | Snake:1  | Killed a nagaraja
 29018 | Snake:1  | Found Muotuepnu's Assorted Antiques.
 29035 | Snake:1  | Bought a vibrating lapis lazuli ring for 135 gold pieces
 29035 | Snake:1  | Bought a scroll labeled RUC FAILETAM for 27 gold pieces
 29132 | Snake:1  | Identified the ring of the Moon {+Fly rF+ Str+5} (You
                  | bought it in a shop on level 1 of the Snake Pit)
 29573 | Snake:1  | Reached skill level 13 in Invocations
 29708 | Snake:1  | Found Wushryklo's Armour Emporium.
 29765 | Snake:1  | Noticed a nagaraja
 29772 | Snake:1  | Killed a nagaraja
 30023 | Snake:1  | Found Jeolud's Jewellery Shop.
 30023 | Snake:1  | Found Woporr's Gadget Shoppe.
 30024 | Snake:1  | Found Ywica's Gadget Shoppe.
 30034 | Snake:1  | Bought a wand of disintegration (8) for 84 gold pieces
 30729 | Snake:2  | Reached XP level 17. HP: 47/133 MP: 24/27
 31481 | Snake:1  | HP: 5/133 [poisoned by a naga ritualist (toxic radiance)]
 32179 | Snake:2  | Reached skill level 14 in Invocations
 33709 | Snake:3  | Entered Level 3 of the Snake Pit
 33842 | Snake:3  | Corrupted Snake:3
 33854 | Snake:3  | Reached skill level 15 in Invocations
 34486 | D:4      | Bought a +0 blowgun for 25 gold pieces
 34616 | D:1      | Gained mutation: You are agile. (Dex +2) [potion of
                  | mutation]
 34616 | D:1      | Gained mutation: You are dopey. (Int -2) [potion of
                  | mutation]
 34616 | D:1      | Gained mutation: Your body sometimes deteriorates upon
                  | taking damage. [potion of mutation]
 34616 | D:1      | Gained mutation: Your flesh is heat resistant. (rF+)
                  | [potion of mutation]
 34617 | D:1      | Lost mutation: Your flesh is heat resistant. (rF+) [potion
                  | of mutation]
 34617 | D:1      | Lost mutation: You are dopey. (Int -2) [potion of mutation]
 34617 | D:1      | Gained mutation: You expend magic power (3 MP) to
                  | strengthen your wands. [potion of mutation]
 34617 | D:1      | Lost mutation: You are agile. (Dex +2) [potion of mutation]
 34617 | D:1      | Gained mutation: You are resistant to electric shocks.
                  | (rElec) [potion of mutation]
 35041 | Spider:1 | Entered Level 1 of the Spider Nest
 35041 | Spider:1 | Noticed Roxanne
 35056 | Spider:1 | Killed Roxanne
 35057 | Spider:1 | Reached skill level 15 in Shields
 35386 | Spider:1 | Reached XP level 18. HP: 116/142 MP: 29/29
 35419 | Spider:1 | Received a gift from Lugonu
 35601 | Spider:1 | Got a translucent wooden ring
 37119 | Spider:3 | Entered Level 3 of the Spider Nest
 37128 | Spider:3 | Identified the +1 large shield of Ylott {Str-4 Int+2 Dex+5}
 37128 | Spider:3 | Noticed Louise
 37138 | Spider:3 | Killed Louise
 37178 | Spider:2 | Received a gift from Lugonu
 37181 | Spider:2 | Got a jewelled ring mail {god gift}
 37285 | Spider:2 | Identified the +4 ring mail of Link {Str+2} (Lugonu gifted
                  | it to you on level 2 of the Spider Nest)
 37912 | Spider:2 | Identified the ring of Checkmate {Ice Str+3 Stlth-} (You
                  | found it on level 1 of the Spider Nest)
 38107 | Spider:3 | Noticed Nikola
 38120 | Spider:3 | Killed Nikola
 38201 | Spider:2 | Reached skill level 15 in Fighting
 39476 | Spider:3 | Got a gossamer rune of Zot
 39753 | Snake:3  | Noticed Agnes
 39765 | Snake:2  | Killed Agnes
 39881 | Snake:3  | Reached XP level 19. HP: 154/155 MP: 30/30
 40098 | Snake:2  | Identified a scroll of acquirement
 40102 | Snake:2  | Identified the +2 medium shield of Toateu {rElec rC+ Int+2
                  | SInv} (You acquired it on level 2 of the Snake Pit)
 40102 | Snake:2  | Identified the ring of Ypoana Noce {rPois rF- rN+ MR+
                  | Dex+5} (You acquired it on level 2 of the Snake Pit)
 40535 | Snake:3  | Found a shimmering altar of Xom.
 40538 | Snake:3  | Found a shimmering altar of Xom.
 40587 | Snake:3  | Found a shimmering altar of Xom.
 40587 | Snake:3  | Found a shimmering altar of Xom.
 40588 | Snake:3  | Found a shimmering altar of Xom.
 40645 | Snake:3  | Found a shimmering altar of Xom.
 40651 | Snake:3  | Found a shimmering altar of Xom.
 40652 | Snake:3  | Got a serpentine rune of Zot
 40956 | D:10     | Identified the ring "Vorofras" {+Fly rElec Str+3} (You
                  | found it in a bailey)
 41034 | Vaults:1 | Entered Level 1 of the Vaults
 41489 | Vaults:1 | Found an opulent altar of Gozag.
 41490 | Vaults:1 | Found a runed translucent gate.
 41490 | Vaults:1 | Found a runed translucent gate.
 41490 | Vaults:1 | Found a runed translucent gate.
 41491 | Vaults:1 | Noticed kuniqs's ghost (adept HOAc)
 41643 | Vaults:1 | Found a flickering gateway to a bazaar.
 41655 | Bazaar   | Entered a bazaar
 41655 | Bazaar   | Found Aruif's Gadget Boutique.
 41660 | Bazaar   | Found Monuc's Distillery.
 41688 | Bazaar   | Found Uqeuc's General Store.
 41699 | Bazaar   | Found Geaps's Weapon Shop.
 41742 | Bazaar   | Bought a potion of heal wounds for 80 gold pieces
 41749 | Bazaar   | Bought a wand of charming (11) for 228 gold pieces
 41749 | Bazaar   | Bought a wand of paralysis (11) for 228 gold pieces
 42102 | Vaults:1 | Received a gift from Lugonu
 42218 | Vaults:1 | Reached skill level 15 in Evocations
 42721 | Vaults:1 | Reached skill level 15 in Polearms
 43042 | Vaults:1 | Noticed a lich
 43048 | Vaults:1 | Corrupted Vaults:1
 43048 | Vaults:1 | Noticed a tentacled monstrosity
 43054 | Vaults:1 | Reached XP level 20. HP: 151/162 MP: 21/31
 43056 | Vaults:1 | Killed a lich
 43457 | Vaults:1 | Found Noimmilu's Assorted Antiques.
 44136 | Vaults:2 | Identified Deleut's Almanac of Flight
 44388 | Vaults:2 | Reached skill level 15 in Armour
 44510 | Vaults:2 | Noticed a lich
 44518 | Vaults:2 | Killed a lich
 44544 | Vaults:2 | Identified the +4 halberd "Giantbane" {freeze, +Blink rN+
                  | Dex+4}
 44840 | Vaults:2 | Reached XP level 21. HP: 110/168 MP: 24/32
 44967 | Vaults:2 | Found a staircase to the Crypt.
 44994 | Crypt:1  | Entered Level 1 of the Crypt
 45314 | Vaults:2 | Received a gift from Lugonu
 46925 | Depths:1 | Entered Level 1 of the Depths
 47367 | Depths:1 | Reached ***** piety under Lugonu
 47856 | Depths:1 | Identified the scarf "Heijeyja" {+Inv, *Slow rCorr MP+9
                  | Dex-3} (Lugonu gifted it to you on level 1 of the Depths)
 47856 | Depths:1 | Received a gift from Lugonu
 47956 | Depths:1 | Identified the +9 mace of Turmoil {drain, Fragile rC++
                  | Int+3 Stlth+}
 48144 | Depths:1 | Found a one-way gate leading to the halls of Pandemonium.
 48144 | Depths:1 | Gained mutation: Your spells are a little easier to cast,
                  | but a little less powerful. [a cacodemon]
 48149 | Depths:1 | Gained mutation: You are clumsy. (Dex -2) [a cacodemon]
 48203 | Depths:1 | Found a runed translucent gate.
 48204 | Depths:1 | Found a runed translucent gate.
 48204 | Depths:1 | Found a runed translucent gate.
 48204 | Depths:1 | Found an ancient bone altar of Kikubaaqudgha.
 48204 | Depths:1 | Noticed yrara's ghost (veteran GrFi)
 48204 | Depths:1 | Noticed an ancient lich
 48204 | Depths:1 | Noticed an ancient lich
 48205 | Depths:1 | Noticed an ancient lich
 48316 | Depths:1 | Found a gateway to Hell.
 48717 | D:6      | Killed foxfromabyss's ghost
 48734 | D:6      | Lost mutation: You are clumsy. (Dex -2) [potion of
                  | mutation]
 48734 | D:6      | Lost mutation: Your spells are a little easier to cast, but
                  | a little less powerful. [potion of mutation]
 48734 | D:6      | Lost mutation: Your body sometimes deteriorates upon taking
                  | damage. [potion of mutation]
 48734 | D:6      | Lost mutation: You expend magic power (3 MP) to strengthen
                  | your wands. [potion of mutation]
 48734 | D:6      | Gained mutation: You are robust. (+10% HP) [potion of
                  | mutation]
 48734 | D:6      | Gained mutation: Your system is resistant to poisons.
                  | (rPois) [potion of mutation]
 48734 | D:6      | Gained mutation: Your mind is acute. (Int +2) [potion of
                  | mutation]
 48734 | D:6      | Gained mutation: Your muscles are strong. (Str +2) [potion
                  | of mutation]
 48979 | Snake:1  | Bought 2 potions of heal wounds for 270 gold pieces
 49030 | Snake:1  | Bought a potion of heal wounds for 75 gold pieces
 49473 | Depths:1 | Identified the +3 glaive "Roennef" {flame, Str+4} (You
                  | acquired it on level 1 of the Depths)
 49473 | Depths:1 | Identified the amulet "Mielymmu" {Reflect +Blink SH+2} (You
                  | acquired it on level 1 of the Depths)
 49540 | Depths:2 | Reached XP level 22. HP: 174/192 MP: 29/33
 49982 | Depths:2 | Reached skill level 15 in Throwing
 50389 | Depths:2 | Identified the ring of Gumn {*Slow +Fly rC+ MR++}
 50692 | Depths:2 | Noticed an ancient lich
 51155 | Depths:2 | Killed an ancient lich
 51495 | Depths:3 | Noticed a caustic shrike
 51495 | Depths:3 | Noticed a caustic shrike
 51495 | Depths:3 | Noticed a caustic shrike
 51495 | Depths:3 | Noticed a caustic shrike
 51495 | Depths:3 | Noticed a caustic shrike
 51996 | Depths:3 | Found a gateway to a ziggurat.
 52022 | Depths:3 | Noticed Margery
 52052 | Depths:3 | Killed Margery
 52221 | Depths:3 | Noticed Mara
 52246 | Depths:3 | Noticed zoran's illusion
 52249 | Depths:3 | Killed Mara
 52250 | Depths:3 | Reached XP level 23. HP: 121/200 MP: 21/34
 52526 | Depths:3 | Killed a caustic shrike
 52532 | Depths:3 | Killed a caustic shrike
 52533 | Depths:3 | a caustic shrike changed into an alligator snapping turtle
 52547 | Depths:3 | a caustic shrike changed into an acid blob
 52550 | Depths:3 | Received a gift from Lugonu
 52552 | Depths:3 | a caustic shrike changed into an iron dragon
 52775 | Depths:3 | Identified the +3 hand crossbow of the Revolution {penet,
                  | rElec rC+}
 53135 | Depths:4 | Found a one-way gate to the infinite horrors of the Abyss.
 53199 | Depths:3 | Received a gift from Lugonu
 53387 | Depths:4 | Identified the +3 longbow of Starshine {venom, rPois rF+}
 54118 | Depths:4 | Noticed a golden dragon
 54186 | Depths:4 | Killed a golden dragon
 54281 | Depths:4 | Received a gift from Lugonu
 54888 | Depths:5 | Entered Level 5 of the Depths
 54890 | Depths:5 | Noticed a juggernaut
 54935 | Depths:5 | Noticed a Killer Klown
 55210 | Depths:5 | Killed a Killer Klown
 55226 | Depths:5 | Identified the +0 medium shield "Yfyily" {rF+ Str+2 Dex+2}
                  | (Lugonu gifted it to you on level 5 of the Depths)
 55226 | Depths:5 | Received a gift from Lugonu
 55296 | Depths:5 | Reached XP level 24. HP: 212/212 MP: 33/34
 55534 | Depths:5 | Identified the cursed +1 rapier "Xobiqyn" {venom, Str+3
                  | Dex-5 SInv Stlth+}
 55839 | Depths:5 | Noticed a Killer Klown
 55847 | Depths:5 | Killed a Killer Klown
 55892 | Depths:5 | Killed a juggernaut
 55937 | Depths:5 | Noticed a caustic shrike
 55943 | Depths:5 | a caustic shrike changed into a titan
 56572 | Depths:5 | Found a runed translucent door.
 56573 | Depths:5 | Noticed Barug's ghost (adept TrMo)
 56589 | Depths:5 | Noticed a golden dragon
 56603 | Depths:5 | Killed a golden dragon
 56760 | Depths:5 | Found a gate to the Realm of Zot.
 57245 | Depths:4 | Identified the Grimoire of the Frostbite
 57248 | Depths:4 | Identified the Tome of the Birds
 57468 | D:9      | Bought a wand of iceblast (9) for 210 gold pieces
 57732 | Snake:1  | Bought a wand of iceblast (7) for 168 gold pieces
 57732 | Snake:1  | Bought a wand of disintegration (18) for 165 gold pieces
 57869 | Slime:1  | Entered Level 1 of the Pits of Slime
 58719 | Slime:2  | Reached XP level 25. HP: 178/224 MP: 32/34
 58907 | Slime:1  | Identified the +0 pair of gloves "Tokyics" {rF+ rC+}
                  | (Lugonu gifted it to you on level 1 of the Pits of Slime)
 58907 | Slime:1  | Received a gift from Lugonu
 60948 | Slime:5  | Entered Level 5 of the Pits of Slime
 61561 | Slime:5  | Found a viscous altar of Jiyva.
 61562 | Slime:5  | Noticed the Royal Jelly
 61582 | Slime:5  | Cast into level 1 of the Abyss (the power of Zot)
 61582 | Abyss:1  | Found a corrupted altar of Lugonu.
 61740 | Abyss:2  | Found a runed translucent gate.
 61740 | Abyss:2  | Found a runed translucent gate.
 61740 | Abyss:2  | Found a runed translucent gate.
 62091 | Slime:5  | Escaped the Abyss
 63437 | Slime:5  | Found the +7 sceptre of Torment {pain, torment}
 63556 | Slime:5  | Killed the Royal Jelly
 63669 | Slime:5  | Got a slimy rune of Zot
 63673 | Slime:5  | Identified the +7 war axe "Newtslayer" {elec, rPois rF+
                  | rN+}
 63739 | Slime:5  | Identified Sif Muna's Catalogue of Mutualism
 63765 | Slime:5  | Identified the amulet "Egguohu" {Reflect rElec SH+3}
 63770 | Slime:5  | Identified the ring "Puidotei" {*Drain rCorr Dex+6}
 64230 | D:8      | You showed the slimy rune of Zot to enter a treasure trove
 64231 | Trove    | Entered a treasure trove
 64246 | Trove    | Identified the amulet "Canima" {Reflect rElec rN+ MP-9
                  | Int+3 SH+6}
 64251 | Trove    | Identified the +0 pair of boots of the Ecumenical Temple
                  | {Str+3}
 64504 | Depths:4 | Voluntarily entered the Abyss.
 64603 | Abyss:3  | Found a corrupted altar of Lugonu.
 64699 | Abyss:3  | Reached XP level 26. HP: 202/237 MP: 34/34
 64889 | Abyss:3  | Got an abyssal rune of Zot
 64989 | Depths:4 | Escaped the Abyss
 65173 | Zot:1    | Entered Level 1 of the Realm of Zot
 65325 | Zot:1    | Found a runed translucent gate.
 65327 | Zot:1    | Found a runed translucent gate.
 65327 | Zot:1    | Found a runed translucent gate.
 65328 | Zot:1    | Noticed zoran's ghost (veteran EnAc)
 65779 | Zot:1    | Identified the +8 morningstar of Kuchepo {elec, rF+ MP+9}
 65888 | Zot:1    | Noticed a curse toe
 65906 | Zot:1    | Killed a curse toe
 66788 | Zot:2    | Reached skill level 16 in Invocations
 67382 | Zot:2    | Reached skill level 17 in Invocations
 67700 | Zot:2    | Received a gift from Lugonu
 67910 | Zot:3    | Noticed a Killer Klown
 67926 | Zot:3    | Killed a Killer Klown
 68004 | Zot:3    | Noticed a golden dragon
 68012 | Zot:3    | Killed a golden dragon
 68308 | Zot:3    | Reached skill level 18 in Invocations
 68325 | Zot:3    | Noticed a curse toe
 68406 | Zot:3    | Killed a curse toe
 68407 | Zot:3    | Reached XP level 27. HP: 123/246 MP: 36/36
 68757 | Zot:3    | Noticed a golden dragon
 68779 | Zot:3    | Killed a golden dragon
 69867 | Zot:5    | Entered Level 5 of the Realm of Zot
 70063 | Zot:5    | Received a gift from Lugonu
 70292 | Zot:5    | Reached skill level 1 in Spellcasting
 71126 | Zot:4    | Noticed a golden dragon
 71145 | Zot:4    | Killed a golden dragon
 71146 | Zot:4    | Reached skill level 5 in Spellcasting
 71150 | Zot:4    | Received a gift from Lugonu
 71229 | Zot:4    | Identified the +5 hand axe "Kuelem" {chop, *Contam rC+
                  | Str+5}
 71266 | Zot:4    | Identified the Tome of Igneous Envenoming
 71559 | Zot:5    | Noticed a golden dragon
 71566 | Zot:5    | Killed a golden dragon
 71567 | Zot:5    | Reached skill level 19 in Invocations
 71646 | Zot:5    | Received a gift from Lugonu
 71825 | Zot:5    | Noticed an orb of fire
 71826 | Zot:5    | Gained mutation: Potions are less effective at restoring
                  | your health. [an orb of fire]
 71835 | Zot:5    | Noticed an orb of fire
 71844 | Zot:5    | Corrupted Zot:5
 71844 | Zot:5    | Noticed an orb of fire
 71846 | Zot:5    | Noticed an orb of fire
 71858 | Zot:5    | Killed an orb of fire
 71859 | Zot:5    | Reached skill level 20 in Invocations
 71862 | Zot:5    | Killed an orb of fire
 71877 | Zot:5    | Killed an orb of fire
 71882 | Zot:5    | Killed an ancient lich
 71883 | Zot:5    | Reached skill level 21 in Invocations
 71883 | Zot:5    | Noticed an ancient lich
 71900 | Zot:5    | Killed an orb of fire
 71921 | Zot:5    | Killed an ancient lich
 71956 | Zot:5    | Noticed an ancient lich
 71966 | Zot:5    | Killed an ancient lich
 71989 | Zot:5    | Noticed an ancient lich
 72015 | Zot:5    | Killed an ancient lich
 72046 | Zot:5    | Noticed an orb of fire
 72049 | Zot:5    | Lost mutation: Your mind is acute. (Int +2) [an orb of
                  | fire]
 72052 | Zot:5    | Gained mutation: You evolve. [an orb of fire]
 72061 | Zot:5    | Gained mutation: Scrolls take you a little longer to read.
                  | [an orb of fire]
 72073 | Zot:5    | Killed an orb of fire
 72106 | Zot:5    | Gained mutation: You possess an exceptional clarity of
                  | mind. [evolution]
 72162 | Zot:5    | Noticed an orb of fire
 72189 | Zot:5    | Killed an orb of fire
 72267 | Zot:5    | Noticed an orb of fire
 72270 | Zot:5    | Gained mutation: Potions are poor at restoring your health.
                  | [an orb of fire]
 72284 | Zot:5    | Gained mutation: Your spells are a little easier to cast,
                  | but a little less powerful. [an orb of fire]
 72287 | Zot:5    | Gained mutation: Your magical capacity is low. (-10% MP)
                  | [an orb of fire]
 72293 | Zot:5    | Gained mutation: Armour fits poorly on your strangely
                  | shaped body. [an orb of fire]
 72299 | Zot:5    | Killed an orb of fire
 72375 | Zot:5    | Lost mutation: Your muscles are strong. (Str +2) [potion of
                  | mutation]
 72375 | Zot:5    | Lost mutation: Scrolls take you a little longer to read.
                  | [potion of mutation]
 72375 | Zot:5    | Lost mutation: Your magical capacity is low. (-10% MP)
                  | [potion of mutation]
 72375 | Zot:5    | Gained mutation: You rapidly evolve. [potion of mutation]
 72395 | Zot:5    | Noticed an orb of fire
 72412 | Zot:5    | Killed an orb of fire
 72412 | Zot:5    | Received a gift from Lugonu
 72414 | Zot:5    | Noticed a Killer Klown
 72424 | Zot:5    | Killed a Killer Klown
 72488 | Zot:5    | Noticed a Killer Klown
 72499 | Zot:5    | Killed a Killer Klown
 72523 | Zot:5    | Noticed a Killer Klown
 72558 | Zot:5    | Killed a Killer Klown
 72763 | Zot:5    | Noticed a golden dragon
 72781 | Zot:5    | Killed a golden dragon
 72800 | Zot:5    | Noticed an ancient lich
 72805 | Zot:5    | Noticed an orb of fire
 72827 | Zot:5    | Killed an ancient lich
 72868 | Zot:5    | Gained mutation: Scrolls take you a little longer to read.
                  | [an orb of fire]
 72872 | Zot:5    | Gained mutation: Your magical capacity is low. (-10% MP)
                  | [an orb of fire]
 72877 | Zot:5    | Gained mutation: Your spells are easier to cast, but less
                  | powerful. [an orb of fire]
 72882 | Zot:5    | Noticed an orb of fire
 72887 | Zot:5    | Lost mutation: You are robust. (+10% HP) [an orb of fire]
 72887 | Zot:5    | Gained mutation: You are frail. (-10% HP) [an orb of fire]
 72897 | Zot:5    | Lost mutation: You are resistant to electric shocks.
                  | (rElec) [an orb of fire]
 72901 | Zot:5    | Killed an orb of fire
 72902 | Zot:5    | Gained mutation: You are weak. (Str -2) [an orb of fire]
 72905 | Zot:5    | Gained mutation: Your body sometimes deteriorates upon
                  | taking damage. [an orb of fire]
 72921 | Zot:5    | Killed an orb of fire
 73098 | Zot:5    | Lost mutation: Your body sometimes deteriorates upon taking
                  | damage. [potion of mutation]
 73098 | Zot:5    | Lost mutation: Your magical capacity is low. (-10% MP)
                  | [potion of mutation]
 73098 | Zot:5    | Lost mutation: You rapidly evolve. [potion of mutation]
 73098 | Zot:5    | Gained mutation: You have large cloven feet. [potion of
                  | mutation]
 73379 | Zot:5    | Reached skill level 22 in Invocations
 73511 | Zot:5    | Got the Orb of Zot
 73525 | Zot:5    | Noticed Igov the pandemonium lord
 73680 | Depths:5 | Noticed Zeohinylio the pandemonium lord
 74097 | D:3      | Noticed Ywkep the pandemonium lord
 74157 | D:$      | Escaped with the Orb!

Skill      XL: |  1  2  3  4  5  6  7  8  9 10 11 12 13 14 15 16 17 18 19 20 21 22 23 24 25 26 27 |
---------------+----------------------------------------------------------------------------------+-----
Dodging        | 1 2 4 5 |  5.0
Invocations    | 3 5 10 11 13 15 18 22 | 22.0
Throwing       | 2 5 7 9 10 14 18 19 | 19.0
Armour         | 3 4 5 7 8 9 11 12 15 16 18 19 20 | 20.0
Fighting       | 4 5 8 9 10 11 12 15 16 18 19 20 21 | 21.0
Polearms       | 3 4 5 7 8 9 10 12 13 16 18 19 | 19.9
Stealth        | 1 2 5 |  5.0
Evocations     | 4 5 7 9 10 12 15 18 | 18.0
Shields        | 4 8 9 12 15 17 18 19 20 21 | 21.0
Spellcasting   | 6 |  6.0

Action                   |  1- 3 |  4- 6 |  7- 9 | 10-12 | 13-15 | 16-18 | 19-21 | 22-24 | 25-27 || total
-------------------------+-------+-------+-------+-------+-------+-------+-------+-------+-------++-------
Melee: Trident           |   133 |   255 |   225 |   272 |  1496 |  1111 |       |       |       ||  3492
       Spear             |       |       |    55 |   213 |       |       |       |       |       ||   268
       Whip              |       |       |       |       |     2 |       |       |       |       ||     2
       Demon trident     |       |       |       |       |       |   137 |   920 |   932 |  1341 ||  3330
 Fire: Blowgun           |       |       |       |       |       |    23 |       |     2 |       ||    25
Throw: Tomahawk          |       |       |    28 |   137 |   192 |   296 |   183 |    86 |       ||   922
       Throwing net      |       |       |     3 |       |       |       |       |       |       ||     3
       Javelin           |       |       |       |       |       |   163 |    77 |   416 |   782 ||  1438
Invok: Depart the Abyss  |     1 |       |       |       |       |       |       |       |     1 ||     2
       Banish            |       |       |     2 |     3 |    10 |     5 |     1 |       |       ||    21
       Bend Space        |       |       |     2 |    11 |     9 |    34 |     8 |     3 |     3 ||    70
       Corrupt           |       |       |       |       |       |     1 |     1 |       |     1 ||     3
 Abil: Shaft Self        |       |     1 |       |       |       |       |       |       |       ||     1
       Dig               |       |       |     4 |     5 |    17 |    12 |     1 |     5 |    42 ||    86
Evoke: Wand              |       |       |    20 |     4 |    30 |    50 |    46 |    30 |    27 ||   207
       Sack of spiders   |       |       |       |     1 |     2 |     2 |     5 |     6 |     7 ||    23
       Lamp of fire      |       |       |       |       |     2 |     6 |     6 |     4 |     5 ||    23
       Box of beasts     |       |       |       |       |     1 |       |       |     2 |     4 ||     7
       Fan of gales      |       |       |       |       |       |     2 |       |     1 |     2 ||     5
       Phantom mirror    |       |       |       |       |       |       |     1 |       |     1 ||     2
       Phial of floods   |       |       |       |       |       |       |       |       |     8 ||     8
  Use: Potion            |       |     3 |     1 |     1 |     1 |    15 |     5 |     8 |    21 ||    55
       Scroll            |       |     1 |     4 |     3 |     8 |    19 |    10 |     4 |    10 ||    59
 Stab: Held in net/web   |       |       |     1 |       |     1 |       |       |       |       ||     2
       Sleeping          |       |       |       |       |     2 |       |       |       |       ||     2
       Betrayed ally     |       |       |       |       |       |     1 |       |       |       ||     1
       Distracted        |       |       |       |       |       |     1 |     1 |     1 |     4 ||     7
       Paralysed         |       |       |       |       |       |       |     4 |     6 |     6 ||    16
       Confused          |       |       |       |       |       |       |       |     4 |     1 ||     5
  Eat: Chunk             |     6 |    15 |    18 |    31 |    57 |    35 |    16 |    20 |     9 ||   207
       Ration            |       |       |       |     1 |     8 |    14 |    12 |    10 |    23 ||    68
Armor: Ring mail         |    38 |   129 |    86 |   151 |   113 |       |       |       |       ||   517
       Chain mail        |       |       |       |       |   486 |   611 |    61 |       |       ||  1158
       Crystal plate arm |       |       |       |       |       |       |   248 |   371 |   617 ||  1236
       Skin              |       |       |       |       |       |       |       |     1 |       ||     1
Dodge: Dodged            |    56 |   202 |   133 |   175 |   497 |   329 |   138 |   132 |   282 ||  1944
Block: Buckler           |       |       |       |    94 |   320 |       |       |       |       ||   414
       Medium shield     |       |       |       |       |   115 |   786 |   428 |   394 |   862 ||  2585
       Reflection        |       |       |       |       |       |       |       |       |     5 ||     5
